TOP OF THE 1ST |
Casper Ghosts batting - Pitching for Mercer Island Screaming Eagles : RHP Dan Taylor
|
Pitching: RHP Dan Taylor
|
|
Batting: LHB Ronald Anderson
|
0-0: Hit by Pitch
|
Batting: RHB Adrijan Markovski
|
0-0: Called Strike 0-1: Ball 1-1: Foul Ball, location: 2F 1-2: Strikes out swinging
|
Batting: LHB Marcus Shill
|
0-0: Ball 1-0: Foul Ball, location: 2F 1-1: Ball 2-1: Swinging Strike 2-2: Ball Wild Pitch! Ronald Anderson to second 3-2: Base on Balls
|
Batting: LHB Badry Maksimenov
|
0-0: Called Strike 0-1: Foul Ball, location: 2F 0-2: Ball 1-2: Ball 2-2: Strikes out swinging
|
Batting: RHB Jeff Mouton
|
0-0: 3-RUN HOME RUN (Flyball, 7LD), Distance : 347 ft
|
Batting: RHB Jur Prokop
|
0-0: Ball 1-0: Ground out 6-3 (Groundball, 56)
|
Top of the 1st over - 3 runs, 1 hit, 0 errors, 0 left on base; Casper 3 - Mercer Island 0 |
BOTTOM OF THE 1ST |
Mercer Island Screaming Eagles batting - Pitching for Casper Ghosts : RHP Rhys Maskell
|
Pitching: RHP Rhys Maskell
|
|
Batting: RHB Kimi Okubo
|
0-0: Called Strike 0-1: Foul Ball, location: 2F 0-2: Strikes out swinging, 2-3 out at first.
|
Batting: RHB Alfredo García
|
0-0: Ball 1-0: Ground out 4-3 (Groundball, 4M)
|
Batting: RHB Dejmi Dumervil
|
0-0: Ground out 3-1 (Groundball, 34S)
|
Bottom of the 1st over - 0 runs, 0 hits, 0 errors, 0 left on base; Casper 3 - Mercer Island 0 |
TOP OF THE 2ND |
Casper Ghosts batting - Pitching for Mercer Island Screaming Eagles : RHP Dan Taylor
|
Batting: RHB Steve Weber
|
0-0: Called Strike 0-1: Foul Ball, location: 2F 0-2: Ball 1-2: Ball 2-2: Foul Ball, location: 2F 2-2: Ball 3-2: Reached on error, E5 (Groundball, 56)
|
Batting: RHB José Reyes
|
0-0: Ball 1-0: Called Strike 1-1: Swinging Strike 1-2: Strikes out swinging
|
Batting: RHB Tatsui Kiyomizu
|
0-0: Ball 1-0: Foul Ball, location: 2F 1-1: Ball 2-1: Swinging Strike 2-2: Foul Ball, location: 2F 2-2: Strikes out swinging
|
Batting: LHB Ronald Anderson
|
0-0: Called Strike 0-1: Ball 1-1: Ball 2-1: 2-RUN HOME RUN (Flyball, 9LD), Distance : 360 ft
|
Batting: RHB Adrijan Markovski
|
0-0: Called Strike 0-1: Ball 1-1: Foul Ball, location: 2F 1-2: Ball 2-2: Ball 3-2: Foul Ball, location: 2F 3-2: Fly out, F9 (Flyball, 9LS)
|
Top of the 2nd over - 2 runs, 1 hit, 1 error, 0 left on base; Casper 5 - Mercer Island 0 |
BOTTOM OF THE 2ND |
Mercer Island Screaming Eagles batting - Pitching for Casper Ghosts : RHP Rhys Maskell
|
Batting: RHB Fortunato Rasquinha
|
0-0: Swinging Strike 0-1: Swinging Strike 0-2: Ball 1-2: Foul Ball, location: 2F 1-2: Hit by Pitch
|
Batting: RHB Ed Bowers
|
0-0: Ball 1-0: SINGLE (Line Drive, 6D) Fortunato Rasquinha to second
|
Batting: SHB Jason Graham
|
0-0: Called Strike 0-1: Ball 1-1: Foul Ball, location: 2F 1-2: Foul Ball, location: 2F 1-2: Ball 2-2: Strikes out swinging
|
Batting: RHB Juan Reyes
|
0-0: Called Strike 0-1: Ball 1-1: Called Strike 1-2: Ball 2-2: Fly out, F6 (Line Drive, 6) Lined into DP, 6-4 (Line Drive, 6)
|
Bottom of the 2nd over - 0 runs, 1 hit, 0 errors, 1 left on base; Casper 5 - Mercer Island 0 |
TOP OF THE 3RD |
Casper Ghosts batting - Pitching for Mercer Island Screaming Eagles : RHP Dan Taylor
|
Batting: LHB Marcus Shill
|
0-0: Swinging Strike 0-1: Ball 1-1: Swinging Strike 1-2: Foul Ball, location: 2F 1-2: Strikes out swinging
|
Batting: LHB Badry Maksimenov
|
0-0: Ball 1-0: Ball 2-0: Fly out, F9 (Line Drive, 89D)
|
Batting: RHB Jeff Mouton
|
0-0: Fly out, F6 (Line Drive, 6)
|
Top of the 3rd over - 0 runs, 0 hits, 0 errors, 0 left on base; Casper 5 - Mercer Island 0 |
BOTTOM OF THE 3RD |
Mercer Island Screaming Eagles batting - Pitching for Casper Ghosts : RHP Rhys Maskell
|
Batting: RHB Emílio Ramírez
|
0-0: Swinging Strike 0-1: Foul Ball, location: 2F 0-2: Ball 1-2: Ball 2-2: Fly out, F8 (Flyball, 8LS)
|
Batting: SHB Serious Lee
|
0-0: Ball 1-0: Called Strike 1-1: Ground out 3-1 (Groundball, 34S)
|
Batting: RHB Kimi Okubo
|
0-0: Foul Ball, location: 2F 0-1: Fly out, F9 (Flyball, 9)
|
Bottom of the 3rd over - 0 runs, 0 hits, 0 errors, 0 left on base; Casper 5 - Mercer Island 0 |
TOP OF THE 4TH |
Casper Ghosts batting - Pitching for Mercer Island Screaming Eagles : RHP Dan Taylor
|
Batting: RHB Jur Prokop
|
0-0: Called Strike 0-1: Foul Ball, location: 2F 0-2: Foul Ball, location: 2F 0-2: Ground out 5-3 (Groundball, 56)
|
Batting: RHB Steve Weber
|
0-0: Ball 1-0: Called Strike 1-1: Ball 2-1: Foul Ball, location: 2F 2-2: Ball 3-2: SINGLE (Flyball, 7LM)
|
Batting: RHB José Reyes
|
0-0: Fly out, F8 (Flyball, 89M)
|
Batting: RHB Tatsui Kiyomizu
|
0-0: Called Strike 0-1: Ball 1-1: Hit by Pitch Steve Weber to second
|
Batting: LHB Ronald Anderson
|
0-0: Ball 1-0: Called Strike 1-1: Fly out, F7 (Flyball, 78S)
|
Top of the 4th over - 0 runs, 1 hit, 0 errors, 2 left on base; Casper 5 - Mercer Island 0 |
BOTTOM OF THE 4TH |
Mercer Island Screaming Eagles batting - Pitching for Casper Ghosts : RHP Rhys Maskell
|
Batting: RHB Alfredo García
|
0-0: Foul Ball, location: 2F 0-1: Ball 1-1: Foul Ball, location: 2F 1-2: Fly out, F9 (Flyball, 9D)
|
Batting: RHB Dejmi Dumervil
|
0-0: Called Strike 0-1: Foul Ball, location: 2F 0-2: Ball 1-2: SOLO HOME RUN (Flyball, 7LD), Distance : 353 ft
|
Batting: RHB Fortunato Rasquinha
|
0-0: Ball 1-0: Ball 2-0: Swinging Strike 2-1: Ball 3-1: Base on Balls
|
Batting: RHB Ed Bowers
|
0-0: Reached on error, E6 (Groundball, 6) Fortunato Rasquinha to second
|
Batting: SHB Jason Graham
|
0-0: Fly out, F8 (Flyball, 8LD) Runner from 2nd tags up, SAFE at 3rd with throw
|
Batting: RHB Juan Reyes
|
0-0: Ball 1-0: Swinging Strike 1-1: Foul Ball, location: 2F 1-2: Foul Ball, location: 2F 1-2: Ball 2-2: Foul Ball, location: 2F 2-2: Foul Ball, location: 2F 2-2: Ball Wild Pitch! Fortunato Rasquinha scores Ed Bowers to second 3-2: Foul Ball, location: 2F 3-2: Base on Balls
|
Batting: RHB Emílio Ramírez
|
0-0: Hit by Pitch Ed Bowers to third Juan Reyes to second
|
Batting: SHB Serious Lee
|
0-0: Ball 1-0: Ball 2-0: Ground out 4-3 (Groundball, 4)
|
Bottom of the 4th over - 2 runs, 1 hit, 1 error, 3 left on base; Casper 5 - Mercer Island 2 |
TOP OF THE 5TH |
Casper Ghosts batting - Pitching for Mercer Island Screaming Eagles : RHP Dan Taylor
|
Batting: RHB Adrijan Markovski
|
0-0: Ball 1-0: Foul Ball, location: 2F 1-1: Fly out, F8 (Flyball, 8LM)
|
Batting: LHB Marcus Shill
|
0-0: Called Strike 0-1: Ground out 5-3 (Groundball, 56)
|
Batting: LHB Badry Maksimenov
|
0-0: Foul Ball, location: 2F 0-1: Fly out, F9 (Flyball, 9D)
|
Top of the 5th over - 0 runs, 0 hits, 0 errors, 0 left on base; Casper 5 - Mercer Island 2 |
BOTTOM OF THE 5TH |
Mercer Island Screaming Eagles batting - Pitching for Casper Ghosts : RHP Rhys Maskell
|
Batting: RHB Kimi Okubo
|
0-0: Called Strike 0-1: Foul Ball, location: 2F 0-2: Foul Ball, location: 2F 0-2: Ball 1-2: Ball 2-2: Foul Ball, location: 2F 2-2: Fly out, F7 (Line Drive, 78D)
|
Batting: RHB Alfredo García
|
0-0: Ball 1-0: Foul Ball, location: 2F 1-1: Ball 2-1: Ball 3-1: Foul Ball, location: 2F 3-2: Foul Ball, location: 2F 3-2: Ground out 5-3 (Groundball, 56)
|
Batting: RHB Dejmi Dumervil
|
0-0: SINGLE (Line Drive, 3D)
|
Batting: RHB Fortunato Rasquinha
|
0-0: Called Strike 0-1: Ball 1-1: Fielders Choice at 2nd, 6-4 (Groundball, 6)
|
Bottom of the 5th over - 0 runs, 1 hit, 0 errors, 1 left on base; Casper 5 - Mercer Island 2 |
TOP OF THE 6TH |
Casper Ghosts batting - Pitching for Mercer Island Screaming Eagles : RHP Dan Taylor
|
Batting: RHB Jeff Mouton
|
0-0: Swinging Strike 0-1: Ball 1-1: Foul Ball, location: 2F 1-2: Ball 2-2: Strikes out swinging
|
Batting: RHB Jur Prokop
|
0-0: Ball 1-0: Ball 2-0: Fly out, F7 (Flyball, 78M)
|
Batting: RHB Steve Weber
|
0-0: Called Strike 0-1: Ball 1-1: Swinging Strike 1-2: Ground out 6-3 (Groundball, 56)
|
Top of the 6th over - 0 runs, 0 hits, 0 errors, 0 left on base; Casper 5 - Mercer Island 2 |
BOTTOM OF THE 6TH |
Mercer Island Screaming Eagles batting - Pitching for Casper Ghosts : RHP Rhys Maskell
|
Batting: RHB Ed Bowers
|
0-0: Foul Ball, location: 2F 0-1: SINGLE (Groundball, 34S) (infield hit)
|
Batting: SHB Jason Graham
|
0-0: Called Strike 0-1: Ball 1-1: Called Strike 1-2: Ball 2-2: Strikes out swinging
|
Batting: RHB Juan Reyes
|
0-0: Ball 1-0: Fly out, F6 (Line Drive, 6)
|
Pitching: RHP James Davis
|
|
Batting: RHB Emílio Ramírez
|
0-0: Called Strike 0-1: Ball 1-1: Ground out 6-3 (Groundball, 6S)
|
Bottom of the 6th over - 0 runs, 1 hit, 0 errors, 1 left on base; Casper 5 - Mercer Island 2 |
TOP OF THE 7TH |
Casper Ghosts batting - Pitching for Mercer Island Screaming Eagles : RHP Dan Taylor
|
Pitching: RHP Mark Robinson
|
|
Batting: RHB José Reyes
|
0-0: Ball 1-0: Ball 2-0: Reached on error, E3 (Groundball, 34S)
|
Batting: RHB Tatsui Kiyomizu
|
0-0: Ball 1-0: Ball 2-0: Sac Bunt - play at first, batter OUT! 1-3 José Reyes to second
|
Batting: LHB Ronald Anderson
|
0-0: Fly out, F8 (Flyball, 8LM)
|
Batting: RHB Adrijan Markovski
|
0-0: Foul Ball, location: 2F 0-1: Foul Ball, location: 2F 0-2: Fly out, F9 (Flyball, 9S)
|
Top of the 7th over - 0 runs, 0 hits, 1 error, 1 left on base; Casper 5 - Mercer Island 2 |
BOTTOM OF THE 7TH |
Mercer Island Screaming Eagles batting - Pitching for Casper Ghosts : RHP James Davis
|
Batting: SHB Serious Lee
|
0-0: Foul Ball, location: 2F 0-1: Foul Ball, location: 2F 0-2: Ball 1-2: Foul Ball, location: 2F 1-2: Foul Ball, location: 2F 1-2: SOLO HOME RUN (Flyball, 7LD), Distance : 353 ft
|
Batting: RHB Kimi Okubo
|
0-0: Swinging Strike 0-1: Called Strike 0-2: Ball 1-2: Ball 2-2: Strikes out looking
|
Batting: RHB Alfredo García
|
0-0: Swinging Strike 0-1: Swinging Strike 0-2: Strikes out swinging
|
Batting: RHB Dejmi Dumervil
|
0-0: Foul Ball, location: 2F 0-1: Fly out, F9 (Flyball, 9D)
|
Bottom of the 7th over - 1 run, 1 hit, 0 errors, 0 left on base; Casper 5 - Mercer Island 3 |
TOP OF THE 8TH |
Casper Ghosts batting - Pitching for Mercer Island Screaming Eagles : RHP Mark Robinson
|
Batting: LHB Marcus Shill
|
0-0: Called Strike 0-1: Called Strike 0-2: Foul Ball, location: 2F 0-2: Strikes out looking
|
Batting: LHB Badry Maksimenov
|
0-0: Foul Ball, location: 2F 0-1: Ball 1-1: Ball 2-1: Foul Ball, location: 2F 2-2: Ball 3-2: Fly out, F7 (Flyball, 7)
|
Batting: RHB Jeff Mouton
|
0-0: Ball 1-0: Swinging Strike 1-1: Fly out, F8 (Flyball, 89M)
|
Top of the 8th over - 0 runs, 0 hits, 0 errors, 0 left on base; Casper 5 - Mercer Island 3 |
BOTTOM OF THE 8TH |
Mercer Island Screaming Eagles batting - Pitching for Casper Ghosts : RHP James Davis
|
Now at 1B: Armando Pacheco
|
|
Batting: RHB Fortunato Rasquinha
|
0-0: Ball 1-0: Foul Ball, location: 2F 1-1: Ball 2-1: Ball 3-1: Foul Ball, location: 2F 3-2: Base on Balls
|
Batting: RHB Ed Bowers
|
0-0: Ball 1-0: Ball 2-0: Foul Ball, location: 2F 2-1: Grounds into double play, 4-6-3 (Groundball, 4M)
|
Batting: SHB Jason Graham
|
0-0: Fly out, F9 (Flyball, 9)
|
Bottom of the 8th over - 0 runs, 0 hits, 0 errors, 0 left on base; Casper 5 - Mercer Island 3 |
TOP OF THE 9TH |
Casper Ghosts batting - Pitching for Mercer Island Screaming Eagles : RHP Mark Robinson
|
Batting: RHB Jur Prokop
|
0-0: SINGLE (Groundball, 6MD)
|
Batting: RHB Steve Weber
|
0-0: Called Strike Jur Prokop is caught stealing 2nd base 0-1: Swinging Strike 0-2: Ball 1-2: Strikes out swinging
|
Batting: RHB José Reyes
|
0-0: SINGLE (Line Drive, 4D)
|
Batting: RHB Tatsui Kiyomizu
|
0-0: Ball 1-0: Ball 2-0: Called Strike 2-1: Swinging Strike 2-2: Strikes out swinging
|
Top of the 9th over - 0 runs, 2 hits, 0 errors, 1 left on base; Casper 5 - Mercer Island 3 |
BOTTOM OF THE 9TH |
Mercer Island Screaming Eagles batting - Pitching for Casper Ghosts : RHP James Davis
|
Batting: RHB Juan Reyes
|
0-0: Ball 1-0: Called Strike 1-1: Ball 2-1: Ball 3-1: Fly out, F8 (Flyball, 8LM)
|
Batting: RHB Emílio Ramírez
|
0-0: Called Strike 0-1: Ball 1-1: Ball 2-1: Called Strike 2-2: Ball 3-2: Fly out, F9 (Line Drive, 9D)
|
Batting: SHB Serious Lee
|
0-0: Called Strike 0-1: Ball 1-1: SINGLE (Line Drive, 34D)
|
Batting: RHB Kimi Okubo
|
0-0: Called Strike 0-1: Ball 1-1: Ball 2-1: Foul Ball, location: 2F 2-2: Foul Ball, location: 2F 2-2: Strikes out looking
|
Bottom of the 9th over - 0 runs, 1 hit, 0 errors, 1 left on base; Casper 5 - Mercer Island 3 |
|